 Dungeon Crawl Stone Soup version 0.31-a0-157-g0643eb4156 (webtiles) character file.

Game seed: 11546392534985821220

219 qw the Shooter (level 5, -4/49 HPs)
             Began as a Naga Hunter on June 12, 2023.
             Slain by an orc
             ... wielding a +0 hand axe
              (5 damage)
             ... on level 4 of the Dungeon.
             The game lasted 00:00:55 (2179 turns).

qw the Shooter (Naga Hunter)                        Turns: 2179, Time: 00:00:55

Health: -4/49      AC:  9    Str: 13    XL:     5   Next: 96%
Magic:  5/5        EV:  7    Int:  9    God:
Gold:   210        SH:  0    Dex: 17    Spells: 4/4 levels left

rFire   . . .        Y - +0 shortbow (drain)
rCold   . . .        (shield currently unavailable)
rNeg    . . .        c - +0 leather armour
rPois   +            f - +1 helmet
rElec   .            (no cloak)
rCorr   .            (no gloves)
SInv    +            b - +0 barding
Will    .....        (no amulet)
Stlth   ++           (no ring)
HPRegen 0.28/turn    (no ring)
MPRegen 0.09/turn

%: no passive effects
@: about to teleport, very slow
A: AC +1, large, see invisible, deformed body, poison resistance, slowness 2,
spit poison 1, naga tail 1
a: Spit Poison


You were on level 4 of the Dungeon.
You visited 1 branch of the dungeon, and saw 4 of its levels.

You collected 210 gold pieces.


Innate Abilities, Weirdness & Mutations

Your serpentine skin is tough. (AC +1)
You have supernaturally acute eyesight. (SInv)
Armour fits poorly on your strangely shaped body.
Your system is resistant to poisons. (rPois)
You cover ground very slowly.
You can spit poison.
You have a snake-like lower body.


   Skills:
 - Level 3.0 Fighting
 + Level 5.6 Ranged Weapons
 - Level 1.3 Armour
 - Level 1.5 Dodging
 - Level 1.5 Stealth


You had 4 spell levels left.
You didn't know any spells.
Your spell library was empty.

Inventory:

Hand Weapons
 Y - a +0 shortbow of draining (weapon)
Armour
 b - a +0 barding (worn)
 c - a +0 leather armour (worn)
 f - a +1 helmet (worn)
Scrolls
 d - 2 scrolls of identify
 g - a scroll of teleportation
Potions
 a - a potion of haste {unknown}
 e - a potion of cancellation
 h - a potion of curing
 i - a potion of brilliance {unknown}

Dungeon Overview and Level Annotations

Branches:
Dungeon (4/15)
 Temple: D:4-7

Altars:

Shops:
D:2 (


Message History

The orc wizard hits you with a +0 dagger.
You shoot an arrow. The arrow hits the orc priest!
You kill the orc priest!
You have got your breath back.
The quokka bites you but does no damage.
The orc wizard casts a spell.
The orc wizard flickers and vanishes for a moment.
The orc barely misses you. The orc hits you with a +0 hand axe.
The quokka barely misses you.
The ball python bites you but does no damage.
2176 ||| INVOKING Spit Poison.
Aiming: Spit Poison (1% risk of failure)
Press: ? - help, Shift-Dir - straight line, f - orc wizard The splash of poison hits the orc wizard.
The orc wizard is poisoned.
The orc wizard is moderately wounded.
The orc wizard hits you with a +0 dagger.
The orc hits you with a +0 dagger. The orc hits you but does no damage.
The quokka barely misses you.
The ball python bites you but does no damage.
2177 ||| READING 2 scrolls of teleportation.
As you read the scroll of teleportation, it crumbles to dust.
You feel strangely unstable.
The orc wizard hits you but does no damage.
The quokka bites you but does no damage.
The orc hits you but does no damage. The orc hits you with a +0 hand axe.
The ball python barely misses you.
You shoot an arrow.
The arrow closely misses the orc wizard.
The quokka closely misses you. The ball python barely misses you.
The orc wizard hits you but does no damage.
The orc closely misses you. The orc hits you with a +0 hand axe.
The quokka bites you.
You shoot an arrow.
The arrow closely misses the orc wizard.
You have got your breath back.
The ball python bites you.
The orc wizard hits you but does no damage.
The orc hits you with a +0 dagger. The orc hits you with a +0 hand axe.
You die...

............# #...
...........###...
...........##...
##.............
#............##
#####............#
#................#
#.o..............#
#o@................
#oSr...............
............#.......
......###.....#.......
#......# #.....#......
#......# #....##
#......# .... #......#


You could see an orc wizard (invisible, poisoned), 2 orcs, a quokka and a ball
python.

Vanquished Creatures
  An orc priest (D:4)
  An iguana (D:4)
  Robin (D:3)
  6 adders
  An ufetubus (D:2)
  3 dart slugs
  2 orcs
  5 ball pythons
  9 endoplasms
  2 giant cockroaches
  17 goblins
  8 hobgoblins
  4 jackals
  9 kobolds
  2 quokkas
  6 bats
  3 rats
80 creatures vanquished.

Notes
Turn   | Place    | Note
-------+----------+-------------------------------------------
     0 | D:1      | qw the Naga Hunter began the quest for the Orb.
     0 | D:1      | Reached XP level 1. HP: 19/19 MP: 1/1
     0 | D:1      | 0 ||| qw: Version: 0.2-a-29-gc1b59c4
     0 | D:1      | 0 ||| qw: Game counter: 4133
     0 | D:1      | 0 ||| qw: Always use a shield: true
     0 | D:1      | 0 ||| qw: God list: Okawaru
     0 | D:1      | 0 ||| qw: Allow faded altars: false
     0 | D:1      | 0 ||| qw: Do Orc after D:15 true
     0 | D:1      | 0 ||| qw: Do second Lair branch before Depths: true
     0 | D:1      | 0 ||| qw: Lair rune preference: random
     0 | D:1      | 0 ||| qw: Plans: Normal
     0 | D:1      | 0 ||| PLANNING D:1-11
   106 | D:1      | 106 ||| INVOKING Spit Poison.
   107 | D:1      | Reached skill level 4 in Ranged Weapons
   107 | D:1      | Reached XP level 2. HP: 21/26 MP: 2/2
   132 | D:1      | 132 ||| INVOKING Spit Poison.
   140 | D:1      | 140 ||| INVOKING Spit Poison.
   198 | D:1      | 198 ||| INVOKING Spit Poison.
   202 | D:1      | 202 ||| INVOKING Spit Poison.
   349 | D:1      | 349 ||| INVOKING Spit Poison.
   353 | D:1      | 353 ||| INVOKING Spit Poison.
   364 | D:1      | Reached XP level 3. HP: 30/32 MP: 3/3
   511 | D:1      | 511 ||| INVOKING Spit Poison.
   536 | D:1      | 536 ||| INVOKING Spit Poison.
   540 | D:1      | 540 ||| INVOKING Spit Poison.
   678 | D:1      | 678 ||| READING scroll labelled QOECU SOGOR.
   679 | D:1      | 679 ||| READING scroll labelled YMYUBEQ HOVIME.
   684 | D:1      | 684 ||| READING scroll labelled AMIFFIL QONGA.
   685 | D:1      | 685 ||| READING scroll labelled INTAZU ACHAX.
   686 | D:1      | 686 ||| DROPPING scroll of butterflies.
   694 | D:2      | 694 ||| INVOKING Spit Poison.
   710 | D:2      | 710 ||| INVOKING Spit Poison.
   715 | D:2      | 715 ||| INVOKING Spit Poison.
   740 | D:2      | 740 ||| INVOKING Spit Poison.
   794 | D:2      | 794 ||| INVOKING Spit Poison.
   809 | D:2      | 809 ||| INVOKING Spit Poison.
   812 | D:2      | 812 ||| INVOKING Spit Poison.
   838 | D:2      | 838 ||| INVOKING Spit Poison.
   900 | D:2      | 900 ||| INVOKING Spit Poison.
   901 | D:2      | Reached skill level 5 in Ranged Weapons
   902 | D:2      | Reached XP level 4. HP: 39/39 MP: 4/4
   912 | D:2      | 912 ||| INVOKING Spit Poison.
   921 | D:2      | 921 ||| INVOKING Spit Poison.
  1022 | D:2      | 1022 ||| INVOKING Spit Poison.
  1023 | D:2      | 1023 ||| INVOKING Spit Poison.
  1340 | D:2      | Found Rosegoasu's Antique Weapon Boutique.
  1343 | D:2      | 1343 ||| SHOPLISTING polished sling (149 gold, have 110).
  1422 | D:2      | 1422 ||| DROPPING ring of magical power.
  1423 | D:2      | 1423 ||| READING scroll labelled QYOMEO ANWAFI.
  1424 | D:2      | 1424 ||| READING scroll labelled DUZADWADAEMP.
  1525 | D:2      | 1525 ||| READING 3 scrolls of identify.
  1525 | D:2      | 1525 ||| IDENTIFYING white potion
  1526 | D:2      | 1526 ||| READING 2 scrolls of identify.
  1526 | D:2      | 1526 ||| IDENTIFYING metallic white potion
  1550 | D:3      | 1550 ||| INVOKING Spit Poison.
  1557 | D:3      | 1557 ||| INVOKING Spit Poison.
  1601 | D:3      | 1601 ||| INVOKING Spit Poison.
  1653 | D:3      | 1653 ||| INVOKING Spit Poison.
  1659 | D:3      | Reached skill level 3 in Fighting
  1674 | D:3      | 1674 ||| INVOKING Spit Poison.
  1732 | D:3      | 1732 ||| INVOKING Spit Poison.
  1771 | D:3      | 1771 ||| INVOKING Spit Poison.
  1779 | D:3      | 1779 ||| INVOKING Spit Poison.
  1809 | D:3      | 1809 ||| INVOKING Spit Poison.
  1811 | D:3      | Noticed Robin
  1812 | D:3      | 1812 ||| Stepping ~*~*~tactically~*~*~ (outnumbered).
  1814 | D:3      | 1814 ||| INVOKING Spit Poison.
  1820 | D:3      | Reached XP level 5. HP: 49/49 MP: 5/5
  1820 | D:3      | 1820 ||| INVOKING Spit Poison.
  1824 | D:3      | 1824 ||| INVOKING Spit Poison.
  1830 | D:3      | Killed Robin
  1831 | D:3      | 1831 ||| INVOKING Spit Poison.
  1943 | D:3      | 1943 ||| INVOKING Spit Poison.
  1950 | D:3      | 1950 ||| INVOKING Spit Poison.
  1953 | D:3      | 1953 ||| INVOKING Spit Poison.
  2009 | D:3      | 2009 ||| INVOKING Spit Poison.
  2082 | D:3      | 2082 ||| UPGRADING to +0 barding.
  2087 | D:3      | 2087 ||| UPGRADING to +1 helmet.
  2134 | D:4      | 2134 ||| INVOKING Spit Poison.
  2162 | D:4      | 2162 ||| INVOKING Spit Poison.
  2167 | D:4      | 2167 ||| INVOKING Spit Poison.
  2170 | D:4      | Reached skill level 1 in Armour
  2173 | D:4      | 2173 ||| INVOKING Spit Poison.
  2176 | D:4      | 2176 ||| INVOKING Spit Poison.
  2176 | D:4      | HP: 12/49 [orc/+0 dagger (3)]
  2177 | D:4      | 2177 ||| READING 2 scrolls of teleportation.
  2178 | D:4      | HP: 5/49 [quokka (2)]
  2179 | D:4      | HP: 1/49 [orc/+0 dagger (3)]
  2179 | D:4      | Slain by an orc

Levels and vault maps discovered:
D:1:      reono_arrival_mine, layout_basic
D:2:      minmay_alternating_diamond, layout_basic, serial_shops,
          nicolae_shop_tiny_real_fake_doors, st_stairs_10
D:3:      layout_rooms, uniq_robin
D:4:      layout_basic, mainiacjoe_overflow_boulevard

Skill      XL: |  1  2  3  4  5 |
---------------+----------------+-----
Ranged Weapons | 4 5 |  5.6
Fighting       | 3 |  3.0
Armour         | 1 |  1.3
Dodging        | |  1.5
Stealth        | |  1.5

Action                     |  1- 3 |  4- 6 || total
---------------------------+-------+-------++-------
   Fire: Shortbow          |    62 |    94 ||   156
Ability: Spit Poison       |    19 |    25 ||    44
    Use: Scroll            |     4 |     5 ||     9
 Armour: Leather armour    |     3 |    39 ||    42
  Dodge: Dodged            |    11 |    33 ||    44

Table legend:
 A = Non-vault XP
 B = Vault XP
 C = Vault XP percentage of total XP
 D = Non-vault monster count
 E = Vault monster count
 F = Vault count percentage of total count
                 A         B        C        D         E       F
            +---------+---------+-------+---------+---------+-------
      Total |     266 |      47 |  15.0 |      62 |      18 |  22.5
            +---------+---------+-------+---------+---------+-------
        D:1 |      43 |       0 |   0.0 |      22 |       0 |   0.0
        D:2 |      53 |       9 |  14.5 |      13 |       5 |  27.8
        D:3 |      67 |      38 |  36.2 |      19 |      13 |  40.6
        D:4 |     103 |       0 |   0.0 |       8 |       0 |   0.0
            +---------+---------+-------+---------+---------+-------
